 Dungeon Crawl Stone Soup version 0.26.0-7-g794d0892b4 (webtiles) character file.

Game seed: 4004581040444559405

51 trckry the Skirmisher (level 3, 0/26 HPs)
             Began as a Demonspawn Fighter on Jan 10, 2021.
             Was a Follower of Hepliaklqana.
             Slain by a jackal (1 damage)
             ... on level 2 of the Dungeon.
             The game lasted 00:01:53 (895 turns).

trckry the Skirmisher (Demonspawn Fighter)           Turns: 895, Time: 00:01:53

Health: 0/26       AC:  6    Str: 17    XL:     3   Next: 58%
Magic:  4/4        EV:  7    Int:  9    God:    Hepliaklqana [*.....]
Gold:   90         SH:  8    Dex: 12    Spells: 2/2 levels left

rFire    . . .     SeeInvis .   a - +0 flail
rCold    . . .     Faith    .   c - +0 kite shield
rNeg     . . .     Spirit   .   b - +0 scale mail
rPois    .         Reflect  .   (no helmet)
rElec    .         Harm     .   (no cloak)
rCorr    .         Rampage  .   (no gloves)
Will     .....                  (no boots)
Stlth    ..........             (no amulet)
HPRegen  0.08/turn              (no ring)
MPRegen  0.09/turn              (no ring)

@: lethally poisoned (0 -> -6)
A: reduced essence, powered by pain 1, miasma immunity
a: Renounce Religion, Recall Ancestor, Ancestor Identity


You were on level 2 of the Dungeon.
You worshipped Hepliaklqana.
Hepliaklqana was aware of your devotion.
You visited 1 branch of the dungeon, and saw 2 of its levels.

You collected 90 gold pieces.

Inventory:

Hand Weapons
 a - a +0 flail (weapon)
Missiles
 e - 18 poisoned darts (quivered)
 f - 3 boomerangs
Armour
 b - a +0 scale mail (worn)
 c - a +0 kite shield (worn)
Jewellery
 k - an uncursed ring of flight {unknown}
 n - an uncursed amulet of guardian spirit {unknown}
Scrolls
 g - a scroll of immolation {unknown}
 i - a scroll of fear {unknown}
 l - a scroll of blinking {unknown}
 m - a scroll of enchant armour {unknown}
Potions
 d - a potion of might
 h - a potion of brilliance {unknown}
 j - a potion of flight {unknown}


   Skills:
 + Level 3.2 Fighting
 * Level 2.3 Maces & Flails
 + Level 0.5 Throwing
 + Level 2.8 Armour
 + Level 0.5 Dodging
 + Level 2.9 Shields
 * Level 1.5 Invocations
 + Level 0.8 Evocations


You had 2 spell levels left.
You didn't know any spells.
Your spell library was empty.

Dungeon Overview and Level Annotations

Branches:
Dungeon (2/15)

Altars:
Hepliaklqana
Wu Jian


Innate Abilities, Weirdness & Mutations

You sometimes gain a little power by taking damage.
You are immune to miasma.
Your life essence is reduced to manifest your ancestor. (-10% HP)


Message History

* * * LOW HITPOINT WARNING * * *
You feel sick.
The jackal bites you but does no damage.
The jackal completely misses you. You block the jackal's attack.
The jackal bites you but does no damage.
You closely miss the jackal.
The jackal bites you but does no damage. x4
You hit the jackal.
The jackal is lightly wounded.
* * * LOW HITPOINT WARNING * * *
You feel sick.
The jackal bites you but does no damage.
The jackal bites you.
* * * LOW HITPOINT WARNING * * *
You block the jackal's attack.
You barely miss the jackal.
The jackal is lightly wounded.
* * * LOW HITPOINT WARNING * * *
You feel sick. The jackal bites you.
You die...

.....#..#...#
#####...###. ..#.#
###.........#
#####...###.####.#
....##.<#.#.#
#....>....... ...
....##..#.#.#
#.###....≈≈≈≈ ..#
##..........# #.#
#..≈≈≈≈≈≈ ≈≈..
.......###### #.#
..≈≈≈≈≈≈≈ ##.#####
#.# .≈≈≈≈≈≈≈≈ ##.#
#.##.≈≈≈≈≈≈_≈ ...#
#R@h.≈≈≈≈≈≈≈≈ ####
###h..≈≈≈≈≈≈ #
.....≈≈ # .......
....... .......
....... ....).#


You could see the friendly Vojtech the ancestor and 2 jackals.

Vanquished Creatures
  An adder (D:2)
  2 dart slugs (D:1)
  2 leopard geckos (D:1)
  4 bats
  2 goblins (D:1)
  9 hobgoblins
  3 jackals (D:2)
  3 kobolds
  A frilled lizard (D:2)
  4 rats (D:1)
31 creatures vanquished.

Vanquished Creatures (collateral kills)
  A goblin (D:2)
1 creature vanquished.

Grand Total: 32 creatures vanquished

Notes
Turn   | Place    | Note
-------+----------+-------------------------------------------
     0 | D:1      | trckry the Demonspawn Fighter began the quest for the Orb.
     0 | D:1      | Reached XP level 1. HP: 18/18 MP: 1/1
   131 | D:1      | Gained mutation: You sometimes gain a little power by
                  | taking damage. [demonic ancestry]
   131 | D:1      | Reached XP level 2. HP: 24/24 MP: 2/2
   139 | D:1      | Reached skill level 1 in Invocations
   515 | D:1      | Gained mutation: You are immune to miasma. [demonic
                  | ancestry]
   515 | D:1      | Reached XP level 3. HP: 22/29 MP: 3/3
   718 | D:2      | Found a faded altar of an unknown god.
   735 | D:2      | Became a worshipper of Hepliaklqana the Forgotten
   735 | D:2      | Reached * piety under Hepliaklqana
   868 | D:2      | Found an ornate altar of the Wu Jian Council.
   894 | D:2      | HP: 2/26 [jackal (1)]
   895 | D:2      | Slain by a jackal

Illustrated notes

Levels and vault maps discovered:
D:1:      doesnt_arrival_eight_statues, layout_basic, minmay_3d_cube
D:2:      layout_loops_cross, minitemple, chequers_ecumenical_altar_island,
          lemuel_altar_in_water

Skill      XL: |  1  2 |
---------------+-------+-----
Maces & Flails | 2 |  2.3
Invocations    | 1 |  1.5
Fighting       | |  3.2
Throwing       | |  0.5
Armour         | |  2.8
Dodging        | |  0.5
Shields        | |  2.9
Evocations     | |  0.8

Action                   || total
-------------------------++-------
Melee: Flail             ||   113
Armor: Scale mail        ||    77
Dodge: Dodged            ||    37
Block: Kite shield       ||    70
